 Dungeon Crawl Stone Soup version 0.31-a0-1237-gabc64e7 (webtiles) character file.

Game seed: 10889095371169827814

9 PublicAnimeNo1 the Sneak (level 2, -19/24 HPs)
             Began as a Demonspawn Delver on Dec 15, 2023.
             Demolished by an ogre
             ... wielding a +0 giant spiked club
              (24 damage)
             ... on level 5 of the Dungeon.
             The game lasted 00:01:08 (116 turns).

PublicAnimeNo1 the Sneak (Demonspawn Delver)         Turns: 116, Time: 00:01:09

Health: -19/24     AC:  5    Str: 11 (12) XL:     2   Next: 6%
Magic:  2/2        EV: 11    Int:  8 (10) God:
Gold:   15         SH:  0    Dex: 11 (14) Spells: 1/1 levels left

rFire   . . .        a - +0 mace
rCold   . . .        (no shield)
rNeg    . . .        b - +0 leather armour
rPois   .            (no helmet)
rElec   .            (no cloak)
rCorr   .            (no gloves)
SInv    .            (no boots)
Will    .....        (no amulet)
Stlth   ++           (no ring)
HPRegen 0.24/turn    (no ring)
MPRegen 0.08/turn

%: no passive effects
@: no status effects
A: yellow scales 1
a: no special abilities


You were on level 5 of the Dungeon.
You visited 1 branch of the dungeon, and saw 2 of its levels.

You collected 15 gold pieces.

Inventory:

Hand Weapons
 a - a +0 mace (weapon)
Armour
 b - a +0 leather armour (worn)
 i - a +0 cloak
Wands
 g - a wand of digging (3)
Scrolls
 c - a scroll of fog
 d - a scroll of revelation
Potions
 f - a potion of haste


   Skills:
 + Level 3.1 Fighting
 + Level 2.0 Maces & Flails
 + Level 2.0 Dodging
 + Level 4.6 Stealth


You had one spell level left.
You didn't know any spells.
Your spell library was empty.

Dungeon Overview and Level Annotations

Branches:
Dungeon (6/15)
 Temple: D:4-7

Altars:


Innate Abilities, Weirdness & Mutations

You are partially covered in yellow scales. (AC +2)


Message History

The adder poisons you!
It was a potion of degeneration.
There was something very wrong with that liquid.
You feel weakened.
You feel dopey.
You feel clumsy.
You feel sick. The adder barely misses you.
You barely miss the adder.
The adder is heavily wounded.
You feel sick. The adder misses you. The adder bites you but does no damage.
You barely miss the adder.
The adder is heavily wounded.
You feel sick. The adder closely misses you.
You closely miss the adder.
The adder is heavily wounded.
You feel sick. The adder closely misses you. The adder barely misses you.
You hit the adder.
You kill the adder!
You feel sick.
You are no longer poisoned.
Your Maces & Flails skill increases to level 2!
Your Dodging skill increases to level 2!
You have reached level 2!
Your demonic ancestry asserts itself...
Yellow scales grow over part of your body.
You hit the phantom.
The phantom is lightly damaged.
The phantom hits you.
The phantom blinks!
You blink.
You hit the phantom but do no damage.
The phantom is lightly damaged.
The phantom hits you.
The phantom blinks!
You blink.
The phantom hits you.
* * * LOW HITPOINT WARNING * * *
The phantom blinks!
You blink.
Okay, then.
Okay, then.
Sorry, you're not good enough to have a special ability.
Okay, then.
You sock the ogre!
The ogre is moderately wounded.
The ogre hits you with a +0 giant spiked club!!
Ouch! That really hurt!
You die...

... #.###### #......#####
# #..........###o#
#####..##..##..§...#.#
#...§......#.........#
.[.....#..#.......#######
.###...#......#..W#
##.##.###.§..@.# #.
#......#.O.# #.
########...# #.
####...########.# #.
##?........O.J.#J.
.........>##.#.#.#.# #
.≈≈#≈≈...........#.## #.#
o≈ #≈≈...........#O. ....
#≈≈...........#.#....#


You could see an ogre and a phantom.

Vanquished Creatures
  An adder (D:5)
1 creature vanquished.

Notes
Turn   | Place    | Note
-------+----------+-------------------------------------------
     0 | D:5      | PublicAnimeNo1 the Demonspawn Delver began the quest for
                  | the Orb.
     0 | D:5      | Reached XP level 1. HP: 18/18 MP: 1/1
    42 | D:5      | Noticed a jelly
    42 | D:5      | Noticed a phantom
    42 | D:5      | Noticed an ogre
    54 | D:6      | Noticed a sky beast
    65 | D:6      | Noticed an iguana
    70 | D:6      | Noticed a steam dragon
   114 | D:5      | Gained mutation: You are partially covered in yellow
                  | scales. (AC +2) [demonic ancestry]
   114 | D:5      | Reached XP level 2. HP: 14/24 MP: 2/2
   116 | D:5      | Demolished by an ogre

Illustrated notes

Levels and vault maps discovered:
D:5:      layout_loops_cross, minmay_temple_entry_statues,
          gup_sewer_entry_glass, nicolae_tricolors
D:6:      layout_cave_pools, serial_shops, nicolae_shop_crystal

Skill      XL: |  1 |
---------------+----+-----
Maces & Flails | 2 |  2.0
Dodging        | 2 |  2.0
Fighting       | |  3.1
Stealth        | |  4.6

Action                     || total
---------------------------++-------
  Melee: Mace              ||     9
    Use: Scroll            ||     1
         Potion            ||     1
 Armour: Leather armour    ||    10
  Dodge: Dodged            ||    11

Table legend: (Time is in decaauts)
 A = Elapsed time spent in this place.
 B = Non-inter-level travel time spent in this place.
 C = Inter-level travel time spent in this place.
 D = Time resting spent in this place.
 E = Time spent auto-exploring this place.
 F = Levels seen in this place.
 G = Mean time per level.
                   A        B        C        D        E       F      G
               +--------+--------+--------+--------+--------+-----+--------+
         Total |    118 |    118 |      0 |      0 |     11 |   2 |   59.0 |
       Dungeon |    118 |    118 |      0 |      0 |     11 |   2 |   59.0 |
               +--------+--------+--------+--------+--------+-----+--------+

Top non-repeatable levels by time:
     D:5: 79 daAuts
     D:6: 39 daAuts
